 Dungeon Crawl Stone Soup version 0.29.1-12-g30fa7ad0bf (webtiles) character file.

Game seed: 12710496971988782676

185 mortz the Digger (level 5, -2/30 HPs)
             Began as a Gargoyle Earth Elementalist on Jan 2, 2023.
             Slain by a gnoll
             ... wielding a +0 flail
              (7 damage)
             ... on level 5 of the Dungeon.
             The game lasted 00:13:00 (3955 turns).

mortz the Digger (Gargoyle Earth Elementalist)      Turns: 3955, Time: 00:13:01

Health: -2/30      AC: 11    Str: 12    XL:     5   Next: 64%
Magic:  6/9        EV: 12    Int: 17    God:
Gold:   213        SH:  0    Dex: 10    Spells: 3/9 levels left

rFire   . . .      SeeInvis +   a - +0 dagger
rCold   . . .      Faith    .   (no shield)
rNeg    + . .      Spirit   .   l - +0 robe
rPois   ∞          Reflect  .   (no helmet)
rElec   +          Harm     .   (no cloak)
rCorr   .          Rampage  .   D - +0 pair of gloves
Will    .....                   (no boots)
Stlth   ++........              (no amulet)
HPRegen 0.10/turn               t - +4 ring of protection
MPRegen 0.11/turn               y - ring of see invisible

@: mighty
A: sickness immunity, AC +4, negative energy resistance 1, electricity
resistance, torment resistance 1, petrification resistance
a: no special abilities


You were on level 5 of the Dungeon.
You visited 1 branch of the dungeon, and saw 5 of its levels.

You collected 213 gold pieces.

Inventory:

Hand Weapons
 a - a +0 dagger (weapon)
 b - a +0 hand axe
 e - a +0 short sword
 z - a +0 spear
 F - a +0 morningstar
Missiles
 c - 2 curare-tipped darts
 d - 34 stones
 m - 2 throwing nets
 s - 9 poisoned darts
Armour
 g - a +0 ring mail
 l - a +0 robe (worn)
 x - a +0 leather armour
 D - a +0 pair of gloves (worn)
Jewellery
 t - a +4 ring of protection (left hand)
 y - a ring of see invisible (right hand)
Wands
 A - a wand of quicksilver (7)
Scrolls
 f - 5 scrolls of teleportation {unknown}
 h - 3 scrolls of immolation
 j - 2 scrolls of enchant weapon {unknown}
 k - a scroll of blinking {unknown}
 o - 2 scrolls of magic mapping {unknown}
 p - a scroll of noise {unknown}
 r - a scroll of amnesia {unknown}
 w - a scroll of summoning {unknown}
 C - a scroll of acquirement {unknown}
 E - a scroll of identify
Potions
 i - a potion of flight
 n - 3 potions of lignification
 q - 3 potions of brilliance
 v - a potion of curing
 B - a potion of magic


   Skills:
 + Level 2.1 Fighting
 - Level 1.7 Dodging
 - Level 2.3 Stealth
 + Level 2.9 Spellcasting
 + Level 1.6 Conjurations
 + Level 2.0 Transmutations
 + Level 4.7 Earth Magic


You had 3 spell levels left.
You knew the following spells:

 Your Spells              Type           Power      Damage    Failure   Level
a - Sandblast             Erth           36%        2d10      2%          1
b - Passwall              Tmut/Erth      11%        N/A       7%          2
c - Stone Arrow           Conj/Erth      26%        3d8       14%         3

Your spell library contained the following spells:

 Spells                   Type           Power      Damage    Failure   Level
 Frozen Ramparts          Ice            4%         1d1       47%         3
 Petrify                  Tmut/Erth      14%        N/A       41%         4
 Ice Form                 Ice/Tmut       6%         N/A       75%         4
 Summon Ice Beast         Ice/Summ       2%         N/A       87%         4
 Summon Forest            Summ/Tloc      1%         N/A       99%         5
 Summon Mana Viper        Hex/Summ       2%         N/A       99%         5
 Summon Cactus Giant      Summ           1%         N/A       100%        6


Dungeon Overview and Level Annotations

Branches:
Dungeon (6/15) Zot: 25991
 Temple: D:4-7

Altars:
Trog

Annotations:
D:5 1 exclusion


Innate Abilities, Weirdness & Mutations

You are immune to sickness and miasma.
Your stone body is resilient. (AC +4)
You are immune to poison.
You resist negative energy. (rN+)
You are resistant to electric shocks. (rElec)
You are resistant to unholy torment.
You are immune to petrification.


Message History

The blast of sand hits the gnoll!
The gnoll is almost dead.
The gnoll shouts!
You hear a shout! x2
The blast of sand hits the gnoll.
You kill the gnoll!
You start resting.
Magic restored.
You start resting.
HP restored.
Items here: )) [ †.
Okay, then.
You now have 213 gold pieces (gained 17).
Things that are here:
a +0 halberd; a +0 morningstar
F - a +0 morningstar An orc comes into view.
It is wielding a +0 whip.
The blast of sand hits the orc!
The orc is almost dead.
The blast of sand hits the orc but does no damage.
The orc is almost dead.
A gnoll comes into view. It is wielding a +0 flail.
The orc hits you with a +0 whip.
Items here: )) [ †.
The blast of sand hits the orc but does no damage.
The orc is almost dead.
The orc closely misses you. The orc hits you with a +0 whip.
The blast of sand hits the orc.
You kill the orc!
The blast of sand hits the gnoll!
The gnoll is severely wounded.
The gnoll barely misses you. The gnoll hits you with a +0 flail!
The gnoll hits you from afar with a +0 halberd!
* * * LOW HITPOINT WARNING * * *
The gnoll attacks as you move away! The gnoll barely misses you.
You feel better. The gnoll hits you with a +0 flail!
* * * LOW HITPOINT WARNING * * *
The gnoll closely misses you.
You feel very mighty all of a sudden. The gnoll hits you with a +0 flail!
You die...

..###.#######.########
#.# ......# #.........
#.# #.##### #..#######
#.# #.# #..# #.# #.#
#..# #.# #.# #..#####
#.# #.# #......# #.#
#.# ##.###.###.# #.#
#.# #..@g.....# #.#
#####g##### ##.# #.#
#..# ######.# #.##
#.)))..# #.# #.######
#.# #g #.# .g #.# ###
#.#


You could see 2 gnolls.

Vanquished Creatures
  An orc priest (D:5)
  An iguana (D:6)
  3 adders
  2 gnolls (D:5)
  3 dart slugs
  3 orcs
  4 endoplasms
  9 giant cockroaches
  5 goblins
  7 hobgoblins
  4 jackals (D:1)
  3 quokkas
  8 ball pythons
  4 bats
  4 frilled lizards
  8 kobolds
  5 rats
74 creatures vanquished.

Vanquished Creatures (others)
  A wizard (D:5)
1 creature vanquished.

Grand Total: 75 creatures vanquished

Notes
Turn   | Place    | Note
-------+----------+-------------------------------------------
     0 | D:1      | mortz the Gargoyle Earth Elementalist began the quest for
                  | the Orb.
     0 | D:1      | Reached XP level 1. HP: 10/10 MP: 3/3
   350 | D:1      | Reached skill level 1 in Transmutations
   350 | D:1      | Reached XP level 2. HP: 15/15 MP: 1/5
   353 | D:1      | Learned a level 2 spell: Passwall
   702 | D:1      | Found a faded altar of an unknown god.
   824 | D:1      | Reached skill level 4 in Earth Magic
   824 | D:1      | Reached XP level 3. HP: 20/20 MP: 0/6
   944 | D:1      | Reached skill level 1 in Fighting
  1607 | D:2      | Learned a level 3 spell: Stone Arrow
  1921 | D:2      | Reached XP level 4. HP: 25/25 MP: 4/7
  3268 | D:3      | You fall into a shaft and drop 3 floors!
  3282 | D:6      | Reached skill level 1 in Conjurations
  3282 | D:6      | Reached XP level 5. HP: 15/30 MP: 0/9
  3424 | D:5      | Entered Level 5 of the Dungeon
  3667 | D:5      | Found a bloodstained altar of Trog.
  3689 | D:5      | Noticed a wizard
  3692 | D:5      | Killed a wizard
  3955 | D:5      | Slain by a gnoll

Illustrated notes

Levels and vault maps discovered:
D:1:      lightli_arrival_chessboard, layout_loops_ring,
          hellmonk_ecumenical_altar_blasted, hangedman_decor_push
D:2:      layout_loops_corners, st_stairs_14, minmay_misc_feat_room,
          minmay_misc_feat_ornament
D:3:      minmay_octagon_keep, layout_loops_ring
D:5:      layout_loops_ring, trog_wizard, nicolae_shop_clearance
D:6:      layout_basic, minmay_temple_entry_gardened_gates,
          gammafunk_ghost_arena, uniq_menkaure

Skill      XL: |  1  2  3  4  5 |
---------------+----------------+-----
Transmutations | 1 2 |  2.0
Earth Magic    | 4 |  4.7
Fighting       | 1 2 |  2.1
Conjurations   | 1 |  1.6
Dodging        | |  1.7
Stealth        | |  2.3
Spellcasting   | |  2.9

Action                   |  1- 3 |  4- 6 || total
-------------------------+-------+-------++-------
Melee: Unarmed           |    22 |       ||    22
 Cast: Sandblast         |    62 |    48 ||   110
  Use: Scroll            |     2 |     3 ||     5
       Potion            |       |     2 ||     2
Armor: Robe              |    13 |     5 ||    18
Dodge: Dodged            |    22 |    10 ||    32
